 Dungeon Crawl Stone Soup version 0.21-a0-88-g13b9641 (webtiles) character file.

618 Alarkh the Chopper (level 7, 0/52 HPs)
             Began as a Demonspawn Monk on June 27, 2017.
             Slain by Edmund
             ... wielding a +6 flail of protection
              (9 damage)
             ... on level 5 of the Dungeon.
             The game lasted 00:07:52 (5867 turns).

Alarkh the Chopper (Demonspawn Monk)                Turns: 5867, Time: 00:07:53

Health: 0/52       AC: 14    Str:  8 (11) XL:     7   Next: 21%
Magic:  7/7        EV: 16    Int: 12 (14) God:
Gold:   165        SH:  0    Dex: 23 (25) Spells: 6/6 levels left

rFire    . . .     SeeInvis .   a - +0 hand axe
rCold    . . .     Gourm    .   (no shield)
rNeg     . . .     Faith    .   w - +0 ring mail
rPois    .         Spirit   .   m - +2 helmet
rElec    .         Reflect  .   (no cloak)
rCorr    .         Harm     .   (no gloves)
MR       .....                  (no boots)
Stlth    +++.......             (no amulet)
HPRegen  0.17/turn              k - +5 ring of dexterity
MPRegen  0.10/turn              (no ring)

@: agile, sanguine armour
A: talons 1, powered by pain 1, sanguine armour 1
a: no special abilities


You were on level 5 of the Dungeon.
You were not hungry.

You visited 1 branch of the dungeon, and saw 5 of its levels.
You also visited: Sewer.

You collected 165 gold pieces.

Inventory:

Hand Weapons
 a - a +0 hand axe (weapon)
Armour
 b - a +0 robe
 m - a +2 helmet (worn)
 w - a +0 ring mail (worn)
Jewellery
 k - a +5 ring of dexterity (left hand)
 l - an uncursed ring of fire
Scrolls
 e - 2 scrolls of identify
 g - a scroll of blinking
 n - a scroll of teleportation {unknown}
 o - 3 scrolls of remove curse
 s - a scroll of enchant weapon {unknown}
 v - a scroll of fog {unknown}
Potions
 d - 2 potions of might
 f - a potion of mutation
 h - 6 potions of heal wounds
 i - 5 potions of curing
 q - 2 potions of degeneration
 r - a potion of invisibility {unknown}
 t - 4 potions of agility
 u - 2 potions of brilliance {unknown}
Comestibles
 c - 4 bread rations
 j - 2 royal jellies
 p - 2 meat rations
 x - 6 chunks of flesh


   Skills:
 + Level 3.2 Fighting
 * Level 7.5 Axes
 + Level 0.5 Armour
 + Level 2.8 Dodging
 - Level 1.7 Stealth


You had 6 spell levels left.
You didn't know any spells.

Dungeon Overview and Level Annotations

Branches:
Dungeon (5/15)
 Temple: D:4-7

Altars:

Shops:
D:4 (}

Annotations:
D:5 Edmund


Innate Abilities, Weirdness & Mutations

You have sharp toenails.
You sometimes gain a little power by taking damage.
When seriously injured, your bleeding wounds create armour. (AC +6)


Message History

Edmund is severely wounded.
You hit Edmund but do no damage. Your kick misses Edmund.
Edmund is severely wounded.
Edmund hits you but does no damage.
You closely miss Edmund. You claw Edmund, but do no damage.
Edmund is severely wounded.
Edmund barely misses you.
You hit Edmund. You claw Edmund, but do no damage.
Edmund is severely wounded.
Edmund hits you but does no damage.
You hit Edmund but do no damage. You claw Edmund, but do no damage.
Edmund is severely wounded.
You hit Edmund but do no damage. Your kick misses Edmund.
Edmund is severely wounded.
Edmund hits you with a flail of protection.
* * * LOW HITPOINT WARNING * * *
You barely miss Edmund.
Edmund is severely wounded.
Edmund hits you with a flail of protection!
You die...

# #.##### ......
...# #)######
#..[.@@# #..###.#
########..# )..
........†.###.###
########......#
#######.######
#.......#
#.####### #.#


You could see Edmund.

Vanquished Creatures
  2 scorpions
  A howler monkey (D:4)
  A hound (D:4)
  A bullfrog skeleton (D:4)
  An orc wizard (D:5)
  Ijyb (D:3)
  A worker ant (D:4)
  4 gnolls (D:2)
  8 adders
  8 river rats
  3 oozes
  2 adder skeletons (D:4)
  2 worms (D:2)
  3 dart slugs
  4 leopard geckos
  5 orcs
  4 ball pythons (Sewer)
  7 giant cockroaches
  16 goblins
  7 hobgoblins
  22 kobolds
  3 quokkas
  6 bats
  3 frilled lizards
  2 quokka skeletons (D:4)
  26 rats
143 creatures vanquished.

Notes
Turn   | Place    | Note
-------+----------+-------------------------------------------
     0 | D:1      | Alarkh the Demonspawn Monk began the quest for the Orb.
     0 | D:1      | Reached XP level 1. HP: 18/18 MP: 1/1
   190 | D:1      | Reached skill level 3 in Axes
   426 | D:1      | Gained mutation: You have sharp toenails. [demonic ancestry]
   426 | D:1      | Reached XP level 2. HP: 22/24 MP: 2/2
   994 | D:2      | Reached XP level 3. HP: 29/29 MP: 3/3
  1125 | D:2      | Reached skill level 4 in Axes
  1491 | D:2      | Reached XP level 4. HP: 31/35 MP: 4/4
  2437 | D:3      | Reached skill level 5 in Axes
  2714 | D:3      | Noticed Ijyb
  2783 | D:3      | Killed Ijyb
  2783 | D:3      | Gained mutation: You sometimes gain a little power by taking damage. [demonic ancestry]
  2783 | D:3      | Reached XP level 5. HP: 26/41 MP: 5/5
  3558 | D:4      | Found Cabymm's Food Shop.
  3590 | D:4      | Reached skill level 6 in Axes
  3597 | D:4      | Gained mutation: When seriously injured, your bleeding wounds create armour. (AC +6) [demonic ancestry]
  3597 | D:4      | Reached XP level 6. HP: 17/47 MP: 6/6
  3714 | D:4      | Found Faycoank's Weapon Shoppe.
  3747 | D:4      | Found Cerap's Gadget Shoppe.
  3914 | D:4      | Found a glowing drain.
  3918 | Sewer    | Entered a sewer
  4361 | Sewer    | Reached skill level 7 in Axes
  5073 | Sewer    | Reached XP level 7. HP: 52/52 MP: 7/7
  5630 | D:5      | Entered Level 5 of the Dungeon
  5832 | D:5      | Noticed Edmund
  5867 | D:5      | Slain by Edmund

Vault maps used:
D:1:      denvon_arrival_waterhouse
D:2:      serial_glass, glass_columns_a, glass_columns_b, glass_columns_a,
          glass_columns_a, glass_columns_c, glass_columns_c, glass_columns_c,
          glass_columns_b, glass_columns_b, glass_columns_a, glass_columns_b,
          glass_columns_a, glass_columns_c, glass_columns_b, first_bread,
          kennysheep_generic_room_3
D:3:      uniq_ijyb
D:4:      cheibrodos_greedy_goblins, serial_shops, kennysheep_mini_moat,
          nicolae_shop_window_shopping, nicolae_shop_stone,
          gup_sewer_entry_spiral
D:5:      grunt_temple_overflow_diamond, serial_shops,
          nicolae_shop_overgrown_old_shop, uniq_edmund
Sewer:    sewer_minmay_treatment

Skill      XL: |  1  2  3  4  5  6 |
---------------+-------------------+-----
Axes           | 3 4 5 6 7 |  7.5
Fighting       | |  3.2
Armour         | |  0.5
Dodging        | |  2.8
Stealth        | |  1.7

Action                   |  1- 3 |  4- 6 |  7- 9 || total
-------------------------+-------+-------+-------++-------
Melee: Hand axe          |    98 |   312 |    86 ||   496
       Kick              |    21 |    97 |    31 ||   149
  Use: Scroll            |     2 |     3 |       ||     5
       Potion            |     1 |     2 |     2 ||     5
 Stab: Sleeping          |     6 |     5 |       ||    11
  Eat: Chunk             |     2 |    12 |     2 ||    16
Armor: Robe              |    16 |    76 |     7 ||    99
       Skin              |     3 |    12 |       ||    15
       Ring mail         |       |       |     9 ||     9
Dodge: Dodged            |    66 |   205 |    46 ||   317
